 Dungeon Crawl Stone Soup version 0.23.0 (webtiles) character file.

Game seed: 17593100518058567105

2 MalarOregon the Magician (level 1, -1/14 HPs)
             Began as a Merfolk Wizard on Feb 18, 2019.
             Slain by a jackal (3 damage)
             ... on level 1 of the Dungeon.
             The game lasted 00:00:21 (39 turns).

MalarOregon the Magician (Merfolk Wizard)             Turns: 39, Time: 00:00:22

Health: -1/14      AC:  2    Str:  7    XL:     1   Next: 40%
Magic:  0/4        EV: 13    Int: 17    God:
Gold:   8          SH:  0    Dex: 12    Spells: 5/6 levels left

rFire    . . .     SeeInvis .   (no weapon)
rCold    . . .     Gourm    .   (no shield)
rNeg     . . .     Faith    .   a - +0 robe
rPois    .         Spirit   .   b - +0 hat
rElec    .         Reflect  .   (no cloak)
rCorr    .         Harm     .   (no gloves)
MR       .....                  (no boots)
Stlth    ++........             (no amulet)
HPRegen  0.04/turn              (no ring)
MPRegen  0.09/turn              (no ring)

@: very slightly contaminated
A: change form in water, swift swim, stealthy swim
a: no special abilities


You were on level 1 of the Dungeon.
You were not hungry.

You visited 1 branch of the dungeon, and saw 1 of its levels.

You collected 8 gold pieces.

Inventory:

Armour
 a - a +0 robe (worn)
 b - a +0 hat (worn)
Comestibles
 e - a ration {!d}


   Skills:
 + Level 0.3 Fighting
 + Level 2.8 Dodging
 - Level 2.1 Stealth
 + Level 3.0 Spellcasting
 - Level 0.7 Conjurations
   Level 1.0 Summonings
   Level 0.7 Translocations


You had 5 spell levels left.
You knew the following spells:

 Your Spells              Type           Power        Failure   Level  Hunger
a - Magic Dart            Conj           #...         13%         1    None

Your spell library contained the following spells:

 Spells                   Type           Power        Failure   Level  Hunger
 Call Imp                 Summ           #.......     17%         2    ##.....
 Blink                    Tloc           N/A          21%         2    ##.....
 Slow                     Hex            #.......     26%         2    ##.....
 Conjure Flame            Conj/Fire      #.......     41%         3    ###....
 Mephitic Cloud           Conj/Pois/Air  #.......     43%         3    ###....


Dungeon Overview and Level Annotations

Branches:
Dungeon (1/15)

Altars:


Message History

A jackal is nearby!
A jackal is nearby!
Aim: a jackal (resting)
The magic dart hits the jackal.
The jackal barks!
Aim: a jackal (heavily wounded)
The magic dart hits the jackal.
A jackal comes into view.
Aim: a jackal (almost dead)
The magic dart hits the jackal but does no damage.
The jackal barks!
Aim: a jackal (almost dead)
The magic dart hits the jackal.
You kill the jackal!
A jackal comes into view.
You barely miss the jackal. The jackal bites you. The jackal misses you.
You miss the jackal. The jackal completely misses you.
You hit the jackal. The jackal barely misses you.
The jackal bites you but does no damage.
You barely miss the jackal. The jackal bites you.
The jackal barks!
You hit the jackal but do no damage. The jackal closely misses you.
You miss the jackal. The jackal closely misses you.
The jackal barely misses you.
Aim: a jackal (heavily wounded)
You miscast Magic Dart.
You are very lightly contaminated with residual magic.
Your hair stands on end.
The jackal bites you.
You completely miss the jackal. The jackal barely misses you.
The jackal misses you.
You hit the jackal but do no damage. The jackal bites you.
You hit the jackal but do no damage. The jackal misses you.
You hit the jackal. The jackal bites you.
* * * LOW HITPOINT WARNING * * *
The jackal bites you but does no damage.
You hit the jackal but do no damage. The jackal bites you.
* * * LOW HITPOINT WARNING * * *
The jackal bites you.
* * * LOW HITPOINT WARNING * * *
You closely miss the jackal. The jackal bites you.
* * * LOW HITPOINT WARNING * * *
You hit the jackal. The jackal completely misses you.
The jackal bites you but does no damage.
Aim: a jackal (almost dead)
The magic dart hits the jackal.
You kill the jackal!
You closely miss the jackal. The jackal barely misses you. x2
You hit the jackal but do no damage. The jackal misses you.
The jackal bites you.
You die...

###### ..... .....
#..# #####..###
###........# ###
.........<.#####....
#.................
#........#@.......
####..####h###....
#..# #†# . #..# #.# #
#####..####.####...#
................h....
.....................
#####################


You could see a jackal.

Vanquished Creatures
  2 jackals (D:1)
2 creatures vanquished.

Notes
Turn   | Place    | Note
-------+----------+-------------------------------------------
     0 | D:1      | MalarOregon the Merfolk Wizard began the quest for the Orb.
     0 | D:1      | Reached XP level 1. HP: 13/13 MP: 4/4
    39 | D:1      | Slain by a jackal

Action                   || total
-------------------------++-------
Melee: Unarmed           ||    15
 Cast: Magic Dart        ||     5
Armor: Robe              ||     3
Dodge: Dodged            ||    13
